 Dungeon Crawl Stone Soup version 0.27.1-2-g3b301248ec (webtiles) character file.

Game seed: 12287018055143899720

4670 Descartes the Covert (level 10, -1/44 HPs)
             Began as a Spriggan Enchanter on Oct 2, 2021.
             Was an Initiate of Gozag.
             Slain by Erica (3 damage)
             ... on level 8 of the Dungeon.
             The game lasted 00:30:12 (12753 turns).

Descartes the Covert (Spriggan Enchanter)          Turns: 12753, Time: 00:30:16

Health: -1/44      AC:  3    Str:  7    XL:     10   Next: 21%
Magic:  8/18       EV: 28    Int: 16    God:    Gozag
Gold:   1106       SH:  0    Dex: 17    Spells: 10/19 levels left

rFire    x . .     SeeInvis +   a - +2 dagger (elec)
rCold    + . .     Faith    .   (shield restricted)
rNeg     . . .     Spirit   .   d - +1 robe
rPois    .         Reflect  .   (helmet restricted)
rElec    .         Harm     .   u - scarf {repulsion}
rCorr    .         Rampage  .   (gloves unavailable)
Will     +....                  (boots unavailable)
Stlth    +++++.....             y - amulet of the acrobat
HPRegen  0.14/turn              j - +4 ring of evasion
MPRegen  0.16/turn              i - ring of ice

@: confusing by touch, repel missiles, very quick
A: very small, no large weapons, unfitting armour, see invisible, speed 3
a: Renounce Religion, Potion Petition, Call Merchant, Bribe Branch


You were on level 8 of the Dungeon.
You worshipped Gozag.
Gozag was most pleased with you.
You visited 2 branches of the dungeon, and saw 9 of its levels.
You also visited: Sewer and Ossuary.

You collected 1154 gold pieces.
You paid 48 gold pieces to Gozag.

Inventory:

Hand Weapons
 a - a +2 dagger of electrocution (weapon)
 b - a +0 hunting sling
 c - a +0 shortbow
 F - the +7 whip "Atsozaem" {freeze, rN+ Str+3 Int+4}
   (You found it on level 5 of the Dungeon)

   It freezes those it strikes, dealing additional cold damage.
   It can also slow down cold-blooded creatures.
   Str:       It affects your strength (+3).
   Int:       It affects your intelligence (+4).
   rN:        It protects you from negative energy.
 J - a +1 hand crossbow of freezing
Missiles
 g - 123 arrows
 h - 146 stones
 k - 71 sling bullets
 n - 50 bolts
 p - 9 boomerangs
 t - 3 throwing nets
 N - 24 poisoned darts
Armour
 d - a +1 robe (worn)
 u - a scarf of repulsion (worn)
 D - a +0 cloak
Jewellery
 i - a ring of ice (right hand)
 j - a +4 ring of evasion (left hand)
 y - an amulet of the acrobat (around neck)
 O - a +6 ring of strength
Wands
 Q - a wand of flame (22)
 S - a wand of charming (4)
 T - a wand of iceblast (12)
Scrolls
 e - 2 scrolls of noise
 f - a scroll of fear {unknown}
 m - 2 scrolls of enchant weapon
 q - 2 scrolls of enchant armour
 s - 5 scrolls of teleportation
 G - a scroll of acquirement {unknown}
 H - 2 scrolls of magic mapping
 K - 2 scrolls of fog
 L - 4 scrolls of identify
 M - a scroll of amnesia {unknown}
 R - a scroll of blinking {unknown}
Potions
 l - a potion of might {unknown}
 o - 2 potions of degeneration {unknown}
 r - 2 potions of heal wounds {unknown}
 v - a potion of mutation {unknown}
 w - a potion of resistance {unknown}
 x - 4 potions of haste
 z - a potion of curing
 A - 4 potions of flight
 B - 2 potions of attraction {unknown}
 C - 2 potions of lignification {unknown}
 E - 2 potions of brilliance {unknown}
 I - a potion of ambrosia {unknown}
 P - a potion of magic {unknown}


   Skills:
 + Level 5.1 Short Blades
 + Level 10.8 Dodging
 + Level 12.8 Stealth
 - Level 5.0 Spellcasting
 - Level 10.0 Hexes


You had 10 spell levels left.
You knew the following spells:

 Your Spells              Type           Power      Damage    Failure   Level
a - Dazzling Flash        Conj/Hex       40%        N/A       6%          3
b - Confusing Touch       Hex            36%        N/A       1%          3
c - Ensorcelled Hibernat  Hex/Ice        60%        N/A       3%          2
d - Corona                Hex            40%        N/A       1%          1

Your spell library contained the following spells:

 Spells                   Type           Power      Damage    Failure   Level
 Tukima's Dance           Hex            36%        N/A       1%          3
 Portal Projectile        Hex/Tloc       40%        N/A       6%          3
 Summon Guardian Golem    Hex/Summ       20%        N/A       6%          3
 Shock                    Conj/Air       16%        1d4       16%         1
 Leda's Liquefaction      Hex/Erth       10%        N/A       19%         4
 Sublimation of Blood     Necr           2%         N/A       22%         2
 Call Canine Familiar     Summ           4%         N/A       41%         3
 Spider Form              Tmut/Pois      2%         N/A       41%         3
 Swiftness                Air            4%         N/A       41%         3
 Airstrike                Air            2%         N/A       83%         4
 Freezing Cloud           Conj/Ice/Air   3%         6-21      99%         5
 Shadow Creatures         Summ           N/A        N/A       100%        6
 Simulacrum               Ice/Necr       3%         N/A       100%        6
 Orb of Destruction       Conj           2%         9d1       100%        7
 Spellforged Servitor     Conj/Summ      2%         N/A       100%        7
 Polar Vortex             Ice            3%         N/A       100%        9


Dungeon Overview and Level Annotations

Branches:
Dungeon (8/15)             Temple (1/1) D:4           Sewer (visited)
Ossuary (visited)
   Lair: D:8-11

Altars:
Ashenzari
Cheibriados
Dithmenos
Elyvilon
Gozag
Hepliaklqana
Kikubaaqudgha
Makhleb
Nemelex Xobeh
Okawaru
Qazlal
Ru
Sif Muna
Trog
Uskayaw
Vehumet
Wu Jian
Xom
Zin
The Shining One

Annotations:
D:8 Erica, Gastronok


Innate Abilities, Weirdness & Mutations

You are very small and have problems with some larger weapons.
You are too small for most types of armour.
You have supernaturally acute eyesight. (SInv)
You cover ground extremely quickly. (Speed+++)


Message History

You hit Erica but do no damage.
Erica hits you with a +0 scimitar of flaming!
Erica burns you.
You hit Erica but do no damage.
Erica hits you with a +0 scimitar of flaming!
Erica burns you.
* * * LOW HITPOINT WARNING * * *
Casting: Confusing Touch (safe; 1% risk of failure)
Confirm with . or Enter, or press ? or * to list all spells.
Erica is dazzled.
Erica casts a spell.
Erica flickers and vanishes for a moment.
You hit Erica but do no damage.
Casting: Dazzling Flash (dangerous; 6% risk of failure)
Confirm with . or Enter, or press ? or * to list all spells.
Aiming: Ensorcelled Hibernation (safe; 3% risk of failure)
Press: ? - help, Shift-Dir - straight line, f - Erica
Aim: Erica, wielding a +0 scimitar of flaming, wearing a +1 robe of willpower and carrying a wand of iceblast (10) (slightly transparent, blind, chance to confuse on hit: 6%, chance to affect: 4%)
You feel a surge of power!
Erica resists with almost no effort.
Erica zaps a wand.
The mass of ice explodes!
The iceblast engulfs you. You partially resist.
* * * LOW HITPOINT WARNING * * *
The iceblast engulfs Erica!
You strike the helpless Erica from behind!
You hit Erica but do no damage.
Erica is moderately wounded.
Erica says, "I love to fight, but killing is better."
Erica completely misses you.
You feel better.
Erica screams, "You'll never get it!"
Erica misses you.
You strike the helpless Erica from behind!
You hit Erica but do no damage.
Erica is moderately wounded.
Erica is no longer blind.
Erica hits you with a +0 scimitar of flaming!
* * * LOW HITPOINT WARNING * * *
Erica burns you.
You die...
Your body crumbles into a pile of gold.

....##...##...# #.#
...##.......#.#####.# ##
............#.......##...
....#.......##............
....#.......#.............
..###.......#.$...........
.## #.......#..$..........
..# #.......#$.....$......
#.###.......#...@..≈≈≈≈.≈≈
............#...@..≈≈≈≈.≈≈
............##.....≈≈≈≈.≈
.....##########....≈≈≈≈.
.....# ###..≈≈≈≈. .....#
....... ###### ..≈≈≈≈≈
..≈≈≈≈≈


You could see Erica (invisible).

Vanquished Creatures
  A komodo dragon (D:7)
  Prince Ribbit (D:5)
  A hornet (D:8)
  A wyvern (D:6)
  A steam dragon (D:8)
  A wraith (D:5)
  3 water moccasins
  Menkaure (D:5)
  Duvessa (D:7)
  An orc warrior (D:6)
  2 ice beasts (D:8)
  A necrophage (D:6)
  A hornet zombie (D:6)
  A sky beast (D:7)
  3 ogres
  A black bear (D:4)
  2 centaurs
  A kobold brigand (D:7)
  A gnoll sergeant (D:6)
  8 scorpions (Ossuary)
  Dowan (D:7)
  A water moccasin skeleton (D:6)
  3 wights (D:8)
  A howler monkey (D:8)
  A bullfrog zombie (D:6)
  6 centaur zombies
  2 human zombies (Ossuary)
  2 hounds (D:5)
  A gnoll shaman (D:6)
  A centaur skeleton (D:5)
  2 jellies
  A bullfrog skeleton (D:5)
  4 orc wizards
  Jessica (D:3)
  5 scorpion zombies (Ossuary)
  A killer bee zombie (D:6)
  3 hound skeletons
  3 mummies (Ossuary)
  2 howler monkey zombies
  8 adders
  A howler monkey skeleton (D:7)
  13 gnolls
  2 ufetubi (D:7)
  2 worms (D:2)
  A dart slug (D:2)
  12 orcs
  15 endoplasms
  8 giant cockroaches
  7 goblins
  5 hobgoblins
  9 jackals
  15 kobolds
  6 quokkas
  8 ball pythons
  8 bats
  4 frilled lizards
  2 gnoll zombies (Ossuary)
  3 goblin zombies (Ossuary)
  A hobgoblin zombie (Ossuary)
  A kobold zombie (Ossuary)
  3 orc zombies (Ossuary)
  2 quokka skeletons (D:2)
  6 rats
216 creatures vanquished.

Vanquished Creatures (others)
  19 plants
19 creatures vanquished.

Grand Total: 235 creatures vanquished

Notes
Turn   | Place    | Note
-------+----------+-------------------------------------------
     0 | D:1      | Descartes the Spriggan Enchanter began the quest for the
                  | Orb.
     0 | D:1      | Reached XP level 1. HP: 9/9 MP: 5/5
   375 | D:1      | Reached XP level 2. HP: 13/13 MP: 6/6
   724 | D:1      | Reached XP level 3. HP: 14/16 MP: 8/8
  1297 | D:2      | Learned a level 2 spell: Ensorcelled Hibernation
  1301 | D:2      | Learned a level 3 spell: Confusing Touch
  1393 | D:2      | Reached skill level 5 in Stealth
  1852 | D:2      | Reached XP level 4. HP: 21/21 MP: 10/10
  2427 | D:3      | Noticed Jessica
  2433 | D:3      | Killed Jessica
  2439 | D:3      | Got Jessica's Guide on Dark Magic
  2582 | D:3      | Found a faded altar of an unknown god.
  2903 | D:3      | Found a bloodstained altar of Trog.
  2911 | D:3      | Reached XP level 5. HP: 24/24 MP: 11/11
  2979 | D:4      | Noticed a centaur
  3014 | D:4      | Killed a centaur
  3048 | D:4      | Found a glowing drain.
  3091 | Sewer    | Entered a sewer
  3308 | Sewer    | Reached skill level 6 in Stealth
  4306 | D:4      | Reached XP level 6. HP: 28/28 MP: 13/13
  4516 | D:4      | Found a staircase to the Ecumenical Temple.
  4536 | Temple   | Entered the Ecumenical Temple
  4710 | Temple   | Became a worshipper of Gozag Ym Sagoz the Greedy
  4728 | D:4      | Learned a level 3 spell: Dazzling Flash
  4961 | D:4      | Reached skill level 5 in Hexes
  5228 | D:4      | Reached skill level 5 in Dodging
  5543 | D:5      | Entered Level 5 of the Dungeon
  5543 | D:5      | Noticed a water moccasin
  5546 | D:5      | Reached XP level 7. HP: 32/32 MP: 13/15
  5559 | D:5      | Reached skill level 7 in Stealth
  5600 | D:5      | Noticed a wraith
  5729 | D:5      | Killed a wraith
  5730 | D:5      | Reached skill level 5 in Spellcasting
  6251 | D:5      | Found a shimmering altar of Xom.
  6480 | D:5      | Identified the +7 whip "Atsozaem" {freeze, rN+ Str+3 Int+4}
  6612 | D:5      | Noticed Prince Ribbit
  6820 | D:5      | Killed Prince Ribbit
  6821 | D:5      | Reached skill level 5 in Short Blades
  6821 | D:5      | Reached skill level 8 in Stealth
  6821 | D:5      | Reached XP level 8. HP: 36/36 MP: 13/16
  7103 | D:5      | Noticed Menkaure
  7113 | D:5      | Killed Menkaure
  7233 | D:6      | Found a sand-covered staircase.
  7242 | Ossuary  | Entered an ossuary
  7361 | Ossuary  | Reached skill level 9 in Stealth
  8116 | Ossuary  | Reached skill level 10 in Stealth
  8128 | Ossuary  | Reached XP level 9. HP: 28/39 MP: 7/17
  9188 | D:6      | Reached skill level 11 in Stealth
 10560 | D:7      | Noticed a komodo dragon
 10578 | D:7      | Killed a komodo dragon
 10579 | D:7      | Reached skill level 10 in Dodging
 10677 | D:7      | Reached skill level 12 in Stealth
 11103 | D:7      | Noticed Dowan
 11106 | D:7      | Noticed Duvessa
 11109 | D:7      | Killed Dowan
 11118 | D:7      | Killed Duvessa
 11119 | D:7      | Reached XP level 10. HP: 25/44 MP: 12/18
 11593 | D:7      | Found a white marble altar of Elyvilon.
 11867 | D:8      | Noticed Gastronok
 12254 | D:8      | Reached skill level 10 in Hexes
 12260 | D:8      | Found an ornate altar of the Wu Jian Council.
 12737 | D:8      | Noticed Erica
 12753 | D:8      | HP: 2/44 [Erica (13)]
 12753 | D:8      | Slain by Erica

Illustrated notes

Levels and vault maps discovered:
D:1:      lightli_arrival_boilingwater, layout_loops_ring, minmay_pentomino_t2
D:2:      layout_loops_corners, minmay_close_crescents
D:3:      minmay_evil_eye, layout_basic, lemuel_coloured_pillars_altar,
          dreamdust_ecumenical_altar_grove, chequers_garden,
          kennysheep_jessica_study
D:4:      layout_loops_ring, minmay_temple_entry_offerings,
          cheibrodos_sewer_entry_drain
D:5:      layout_layer_cave, mainiacjoe_overflow_catwalk, uniq_menkaure,
          uniq_prince_ribbit1
D:6:      layout_basic, nicolae_ossuary_entry_monument
D:7:      layout_loops_corners, mainiacjoe_overflow_alcove_4,
          grunt_decor_one_mirror, uniq_duvessa
D:8:      layout_rooms, mainiacjoe_overflow_boulevard, fedhas_altar_fruit_tree,
          minivault_14, kennysheep_generic_room_4, uniq_gastronok, uniq_erica
Temple:   regret_index_temple_sphere_string

Skill      XL: |  1  2  3  4  5  6  7  8  9 10 |
---------------+-------------------------------+-----
Dodging        | 3 4 5 6 8 10 | 10.8
Spellcasting   | 3 4 5 |  5.0
Hexes          | 4 5 6 8 9 10 | 10.0
Short Blades   | 2 3 5 |  5.1
Stealth        | 5 6 8 10 12 | 12.8

Action                   |  1- 3 |  4- 6 |  7- 9 | 10-12 || total
-------------------------+-------+-------+-------+-------++-------
Melee: Dagger            |   137 |   292 |   445 |    55 ||   929
 Fire: Hand crossbow     |       |       |     3 |       ||     3
 Cast: Confusing Touch   |       |       |    81 |     9 ||    90
       Dazzling Flash    |       |       |     5 |     1 ||     6
       Ensorcelled Hiber |       |       |     2 |     6 ||     8
  Use: Scroll            |       |     7 |     3 |       ||    10
       Potion            |       |     1 |     2 |     1 ||     4
 Stab: Sleeping          |    15 |    17 |    16 |     5 ||    53
       Distracted        |     4 |     1 |     1 |       ||     6
       Confused          |       |       |    47 |     3 ||    50
       Invisible         |       |       |     1 |     2 ||     3
Armor: Robe              |    17 |    20 |    17 |     5 ||    59
Dodge: Dodged            |    90 |   178 |   328 |    54 ||   650
       Repelled          |       |       |     1 |       ||     1
